3R
SANTA FE REVOLVERS @ GIBTOWN ELEPHANTS
07/05/2034
 
TOP OF THE 1ST
Santa Fe Revolvers batting - Pitching for Gibtown Elephants : LHP Taro Kishita
Pitching: LHP Taro Kishita
Batting: RHB Vesa Karpinen 0-0: Fly out, F4 (Popup, 34)
Batting: LHB Q' Drennan 0-0: Foul Ball, location: 2F
0-1: Ball
1-1: Swinging Strike
1-2: Ball
2-2: Ball
3-2: Strikes out swinging
Batting: RHB Timo Zwiefelhofer 0-0: Ground out 4-3 (Groundball, 4)
Top of the 1st over - 0 runs, 0 hits, 0 errors, 0 left on base; Santa Fe 0 - Gibtown 0
BOTTOM OF THE 1ST
Gibtown Elephants batting - Pitching for Santa Fe Revolvers : RHP Júlio Rosales
Pitching: RHP Júlio Rosales
Batting: RHB Francis Raffone 0-0: Called Strike
0-1: Ball
1-1: Ball
2-1: Ball
3-1: TRIPLE (Line Drive, 89XD)
Batting: RHB Luis Romero 0-0: Called Strike
0-1: Ball
1-1: Swinging Strike
1-2: Ball
2-2: Strikes out swinging
Batting: RHB Carsello Scruggins 0-0: Called Strike
0-1: Ball
1-1: Called Strike
1-2: Foul Ball, location: 2F
1-2: Fly out, F8 (Flyball, 8RD)
Runner from 3rd tags up, SCORES, throw made
Batting: RHB Zi-cheng Sun 0-0: Called Strike
0-1: SINGLE (Line Drive, 6MD)
Batting: SHB Wren Driscoll 0-0: Called Strike
0-1: Ball
1-1: Fly out, F9 (Flyball, 9)
Bottom of the 1st over - 1 run, 2 hits, 0 errors, 1 left on base; Santa Fe 0 - Gibtown 1
TOP OF THE 2ND
Santa Fe Revolvers batting - Pitching for Gibtown Elephants : LHP Taro Kishita
Batting: RHB Gerold Kent 0-0: Swinging Strike
0-1: Called Strike
0-2: Foul Ball, location: 2F
0-2: Ball
1-2: Foul Ball, location: 2F
1-2: Ball
2-2: Strikes out swinging
Batting: RHB Eric Landry 0-0: Foul Ball, location: 2F
0-1: Called Strike
0-2: Ground out 4-3 (Groundball, 4M)
Batting: LHB Sean Cox 0-0: Ball
1-0: Fly out, F9 (Flyball, 89S)
Top of the 2nd over - 0 runs, 0 hits, 0 errors, 0 left on base; Santa Fe 0 - Gibtown 1
BOTTOM OF THE 2ND
Gibtown Elephants batting - Pitching for Santa Fe Revolvers : RHP Júlio Rosales
Batting: RHB Don Parker 0-0: Called Strike
0-1: Foul Ball, location: 2F
0-2: SINGLE (Groundball, 56D)
Batting: LHB Frank Morris 0-0: Called Strike
0-1: DOUBLE (Line Drive, 7LM)
Don Parker to third
Runner from 3rd tries for Home, SAFE, no throw
Batting: RHB Víctor Alfonso 0-0: Ball
1-0: Called Strike
1-1: SINGLE (Line Drive, 89M)
Frank Morris to third
Throwing error, E9
Frank Morris scores
Víctor Alfonso to second
Batting: RHB Emerson O'Drunen 0-0: Ball
1-0: Swinging Strike
1-1: Ball
2-1: Ball
3-1: Fly out, F9 (Flyball, 89M)
Batting: RHB Francis Raffone 0-0: Ball
1-0: Ball
2-0: Ball
3-0: Called Strike
3-1: Swinging Strike
3-2: SINGLE (Line Drive, 56)
Víctor Alfonso to third
Batting: RHB Luis Romero 0-0: Ball
1-0: Ball
2-0: Ball
3-0: Called Strike
3-1: Ground out 5-3 (Groundball, 56S)
Víctor Alfonso scores
Francis Raffone to second
Batting: RHB Carsello Scruggins 0-0: Called Strike
0-1: Called Strike
0-2: Strikes out swinging
Bottom of the 2nd over - 3 runs, 4 hits, 1 error, 1 left on base; Santa Fe 0 - Gibtown 4
TOP OF THE 3RD
Santa Fe Revolvers batting - Pitching for Gibtown Elephants : LHP Taro Kishita
Batting: LHB Todd Pritchard 0-0: Foul Ball, location: 2F
0-1: Ball
1-1: Ball
2-1: Foul Ball, location: 2F
2-2: Foul Ball, location: 2F
2-2: Foul Ball, location: 2F
2-2: Ball
3-2: Strikes out swinging
Batting: LHB Carroll Stevens 0-0: Ball
1-0: Fly out, F9 (Line Drive, 9)
Batting: LHB Robert Fouquet 0-0: Ball
1-0: Swinging Strike
1-1: Ball
2-1: Called Strike
2-2: Strikes out swinging
Top of the 3rd over - 0 runs, 0 hits, 0 errors, 0 left on base; Santa Fe 0 - Gibtown 4
BOTTOM OF THE 3RD
Gibtown Elephants batting - Pitching for Santa Fe Revolvers : RHP Júlio Rosales
Batting: RHB Zi-cheng Sun 0-0: Ball
1-0: Fly out, F3 (Popup, 34S)
Batting: SHB Wren Driscoll 0-0: Called Strike
0-1: Ball
1-1: Ball
2-1: Foul Ball, location: 2F
2-2: Ball
3-2: Fly out, F6 (Line Drive, 6)
Batting: RHB Don Parker 0-0: Called Strike
0-1: Called Strike
0-2: Ground out 4-3 (Groundball, 4M)
Bottom of the 3rd over - 0 runs, 0 hits, 0 errors, 0 left on base; Santa Fe 0 - Gibtown 4
TOP OF THE 4TH
Santa Fe Revolvers batting - Pitching for Gibtown Elephants : LHP Taro Kishita
Batting: RHB Vesa Karpinen 0-0: Foul Ball, location: 2F
0-1: Swinging Strike
0-2: Ball
1-2: Foul Ball, location: 2F
1-2: Foul Ball, location: 2F
1-2: Foul Ball, location: 2F
1-2: SINGLE (Flyball, 8RS)
Batting: LHB Q' Drennan 0-0: Ball
1-0: Ball
2-0: Ball
3-0: Called Strike
3-1: Called Strike
3-2: Grounds into double play, 4-6-3 (Groundball, 4)
Batting: RHB Timo Zwiefelhofer 0-0: Foul Ball, location: 2F
0-1: Ball
1-1: Foul Ball, location: 2F
1-2: Strikes out looking
Top of the 4th over - 0 runs, 1 hit, 0 errors, 0 left on base; Santa Fe 0 - Gibtown 4
BOTTOM OF THE 4TH
Gibtown Elephants batting - Pitching for Santa Fe Revolvers : RHP Júlio Rosales
Batting: LHB Frank Morris 0-0: Called Strike
0-1: Fly out, F7 (Flyball, 78D)
Batting: RHB Víctor Alfonso 0-0: Ball
1-0: Called Strike
1-1: Foul Ball, location: 2F
1-2: Ball
2-2: Ball
3-2: Base on Balls
Batting: RHB Emerson O'Drunen 0-0: Ball
1-0: Ball
2-0: Called Strike
2-1: Ball
3-1: Foul Ball, location: 2F
3-2: Fielders Choice at 2nd, 6-4 (Groundball, 6)
Batting: RHB Francis Raffone 0-0: Foul Ball, location: 2F
0-1: Foul Ball, location: 2F
0-2: Ball
1-2: Ball
2-2: Foul Ball, location: 2F
2-2: Foul Ball, location: 2F
2-2: Ball
3-2: SINGLE (Flyball, 9)
Emerson O'Drunen to second
Emerson O'Drunen to third
Batting: RHB Luis Romero 0-0: Called Strike
0-1: 3-RUN HOME RUN (Flyball, 9D), Distance : 387 ft
Batting: RHB Carsello Scruggins 0-0: Called Strike
0-1: Foul Ball, location: 2F
0-2: Fly out, F6 (Line Drive, 6M)
Bottom of the 4th over - 3 runs, 2 hits, 0 errors, 0 left on base; Santa Fe 0 - Gibtown 7
TOP OF THE 5TH
Santa Fe Revolvers batting - Pitching for Gibtown Elephants : LHP Taro Kishita
Batting: RHB Gerold Kent 0-0: Called Strike
0-1: Called Strike
0-2: Foul Ball, location: 2F
0-2: Foul Ball, location: 2F
0-2: Ball
1-2: Ball
2-2: SINGLE (Flyball, 89S)
Batting: RHB Eric Landry 0-0: Foul Ball, location: 2F
0-1: Swinging Strike
0-2: SINGLE (Line Drive, 7S)
Gerold Kent to second
Batting: LHB Sean Cox 0-0: SINGLE (Groundball, 6D)
Gerold Kent to third
Eric Landry to second
Batting: LHB Todd Pritchard 0-0: Called Strike
0-1: Called Strike
0-2: Ball
1-2: Foul Ball, location: 2F
1-2: Strikes out swinging
Batting: LHB Carroll Stevens 0-0: SINGLE (Groundball, 34S) (infield hit)
Gerold Kent scores
Eric Landry to third
Sean Cox to second
Batting: LHB Robert Fouquet 0-0: Called Strike
0-1: Ball
1-1: Ball
2-1: Swinging Strike
2-2: Strikes out swinging
Batting: RHB Vesa Karpinen 0-0: Called Strike
0-1: Ball
1-1: Called Strike
1-2: Ball
2-2: SINGLE (Groundball, 56D)
Eric Landry scores
Sean Cox to third
Carroll Stevens to second
Runner from 3rd tries for Home, SAFE, no throw
Batting: LHB Q' Drennan 0-0: Ball
1-0: Foul Ball, location: 2F
1-1: Ball
2-1: Ball
3-1: Swinging Strike
3-2: Fly out, F8 (Flyball, 8LD)
Top of the 5th over - 3 runs, 5 hits, 0 errors, 2 left on base; Santa Fe 3 - Gibtown 7
BOTTOM OF THE 5TH
Gibtown Elephants batting - Pitching for Santa Fe Revolvers : RHP Júlio Rosales
Batting: RHB Zi-cheng Sun 0-0: Foul Ball, location: 2F
0-1: SOLO HOME RUN (Flyball, 9D), Distance : 402 ft
Batting: SHB Wren Driscoll 0-0: SINGLE (Line Drive, 6M)
Pitching: RHP Arturo Santiago
Batting: RHB Don Parker 0-0: Foul Ball, location: 2F
0-1: Fly out, F9 (Line Drive, 9)
Batting: LHB Frank Morris 0-0: Ball
1-0: Fly out, F9 (Flyball, 89S)
Batting: RHB Víctor Alfonso 0-0: Called Strike
0-1: Foul Ball, location: 2F
0-2: Ball
1-2: Strikes out swinging
Bottom of the 5th over - 1 run, 2 hits, 0 errors, 1 left on base; Santa Fe 3 - Gibtown 8
TOP OF THE 6TH
Santa Fe Revolvers batting - Pitching for Gibtown Elephants : LHP Taro Kishita
Batting: RHB Timo Zwiefelhofer 0-0: Called Strike
0-1: SINGLE (Line Drive, 56S)
Batting: RHB Gerold Kent 0-0: Called Strike
0-1: Foul Ball, location: 2F
0-2: Foul Ball, location: 2F
0-2: Ball
1-2: Strikes out looking
Pitching: LHP Dwayne Cockeram
Batting: RHB Eric Landry 0-0: Ball
1-0: Ground out 6-3 (Groundball, 6M)
Timo Zwiefelhofer to second
Batting: LHB Sean Cox 0-0: Ball
1-0: Ball
2-0: Fly out, F9 (Flyball, 89S)
Top of the 6th over - 0 runs, 1 hit, 0 errors, 1 left on base; Santa Fe 3 - Gibtown 8
BOTTOM OF THE 6TH
Gibtown Elephants batting - Pitching for Santa Fe Revolvers : RHP Arturo Santiago
Batting: RHB Emerson O'Drunen 0-0: Ball
1-0: Ball
2-0: Ball
3-0: Base on Balls
Batting: RHB Francis Raffone 0-0: Ball
1-0: Called Strike
1-1: Ball
2-1: Ball
3-1: Fly out, F7 (Flyball, 7)
Batting: RHB Luis Romero 0-0: Ball
1-0: Ball
2-0: Called Strike
2-1: SINGLE (Groundball, 56) (infield hit)
Emerson O'Drunen to second
Batting: RHB Carsello Scruggins 0-0: Swinging Strike
0-1: Swinging Strike
0-2: Ground out 5-3 (Groundball, 56S)
Emerson O'Drunen to third
Luis Romero to second
Batting: RHB Zi-cheng Sun 0-0: Intentional Walk
Batting: SHB Wren Driscoll 0-0: Ball
1-0: Ground out 4-3 (Groundball, 4)
Bottom of the 6th over - 0 runs, 1 hit, 0 errors, 3 left on base; Santa Fe 3 - Gibtown 8
TOP OF THE 7TH
Santa Fe Revolvers batting - Pitching for Gibtown Elephants : LHP Dwayne Cockeram
Batting: LHB Todd Pritchard 0-0: Called Strike
0-1: Ball
1-1: Ball
2-1: Ball
3-1: Foul Ball, location: 2F
3-2: Foul Ball, location: 2F
3-2: Strikes out swinging
Batting: LHB Carroll Stevens 0-0: Called Strike
0-1: Foul Ball, location: 2F
0-2: Foul Ball, location: 2F
0-2: Foul Ball, location: 2F
0-2: DOUBLE (Line Drive, 8RD)
Batting: LHB Robert Fouquet 0-0: Foul Ball, location: 2F
0-1: Ball
1-1: Called Strike
1-2: Ball
2-2: Strikes out swinging
Batting: RHB Vesa Karpinen 0-0: 2-RUN HOME RUN (Flyball, 7LD), Distance : 378 ft
Batting: LHB Q' Drennan 0-0: Ball
1-0: Ball
2-0: Foul Ball, location: 2F
2-1: Ground out U3 (Groundball, 34)
Top of the 7th over - 2 runs, 2 hits, 0 errors, 0 left on base; Santa Fe 5 - Gibtown 8
BOTTOM OF THE 7TH
Gibtown Elephants batting - Pitching for Santa Fe Revolvers : RHP Arturo Santiago
Batting: RHB Don Parker 0-0: Called Strike
0-1: Swinging Strike
0-2: Fly out, F9 (Flyball, 89S)
Batting: LHB Frank Morris 0-0: Ball
1-0: Called Strike
1-1: Ball
2-1: Fly out, F5 (Line Drive, 56D)
Batting: RHB Víctor Alfonso 0-0: Ball
1-0: Foul Ball, location: 2F
1-1: Foul Ball, location: 2F
1-2: Strikes out swinging
Bottom of the 7th over - 0 runs, 0 hits, 0 errors, 0 left on base; Santa Fe 5 - Gibtown 8
TOP OF THE 8TH
Santa Fe Revolvers batting - Pitching for Gibtown Elephants : LHP Dwayne Cockeram
Batting: RHB Timo Zwiefelhofer 0-0: Called Strike
0-1: SINGLE (Groundball, 4MD)
Batting: RHB Gerold Kent 0-0: Called Strike
0-1: Ball
1-1: Fly out, F7 (Flyball, 7D)
Batting: RHB Eric Landry 0-0: Ball
Wild Pitch!
Timo Zwiefelhofer to second
1-0: Called Strike
1-1: Foul Ball, location: 2F
1-2: Ball
2-2: Strikes out looking
Batting: LHB Sean Cox 0-0: SINGLE (Line Drive, 8LS)
Timo Zwiefelhofer to third
Batting: LHB Todd Pritchard 0-0: Ball
1-0: SINGLE (Flyball, 9S)
Timo Zwiefelhofer scores
Sean Cox to second
Runner from 2nd tries for 3rd, SAFE, no throw
Pitching: LHP Hedi Charlet
Pinch Hitting: RHB Sterling Massingham 0-0: Ball
1-0: Ball
2-0: SINGLE (Groundball, 56D)
Sean Cox scores
Todd Pritchard to second
Pinch Hitting: SHB Javier Silva 0-0: Foul Ball, location: 2F
0-1: Called Strike
0-2: Strikes out looking
Top of the 8th over - 2 runs, 4 hits, 0 errors, 2 left on base; Santa Fe 7 - Gibtown 8
BOTTOM OF THE 8TH
Gibtown Elephants batting - Pitching for Santa Fe Revolvers : RHP Arturo Santiago
Now at 2B: Sterling Massingham
Now in CF: Javier Silva
Batting: RHB Emerson O'Drunen 0-0: Foul Ball, location: 2F
0-1: Ground out 6-3 (Groundball, 6D)
Batting: RHB Francis Raffone 0-0: Foul Ball, location: 2F
0-1: Ground out 5-3 (Groundball, 56S)
Batting: RHB Luis Romero 0-0: Foul Ball, location: 2F
0-1: Foul Ball, location: 2F
0-2: Strikes out swinging
Bottom of the 8th over - 0 runs, 0 hits, 0 errors, 0 left on base; Santa Fe 7 - Gibtown 8
TOP OF THE 9TH
Santa Fe Revolvers batting - Pitching for Gibtown Elephants : LHP Hedi Charlet
Now at 2B: Min-ho Yun
Now at 3B: Jorge Gálvez
Now in CF: Ramón Fernández
Batting: RHB Vesa Karpinen 0-0: Ball
1-0: Ball
2-0: Called Strike
2-1: Ball
3-1: Base on Balls
Batting: LHB Q' Drennan 0-0: Sac Bunt - play at first, batter safe!
Vesa Karpinen to second
Batting: RHB Timo Zwiefelhofer 0-0: Called Strike
0-1: Swinging Strike
0-2: Ball
1-2: Foul Ball, location: 2F
1-2: DOUBLE (Groundball, 3L)
Vesa Karpinen scores
Q' Drennan to third
Runner from 3rd tries for Home, SAFE, no throw
Batting: RHB Gerold Kent 0-0: Called Strike
0-1: Ball
1-1: Foul Ball, location: 2F
1-2: Strikes out swinging
Batting: RHB Eric Landry 0-0: Ball
1-0: Called Strike
1-1: Called Strike
1-2: Foul Ball, location: 2F
1-2: Ball
2-2: Foul Ball, location: 2F
2-2: Foul Ball, location: 2F
2-2: Fly out, F9 (Flyball, 9S)
Batting: LHB Sean Cox 0-0: Ball
1-0: Swinging Strike
1-1: Ball
2-1: Called Strike
2-2: Strikes out swinging
Top of the 9th over - 2 runs, 2 hits, 0 errors, 1 left on base; Santa Fe 9 - Gibtown 8
BOTTOM OF THE 9TH
Gibtown Elephants batting - Pitching for Santa Fe Revolvers : RHP Arturo Santiago
Batting: LHB Ramón Fernández 0-0: Ground out 6-3 (Groundball, 6M)
Batting: RHB Zi-cheng Sun 0-0: Ball
1-0: Ball
2-0: Called Strike
2-1: Ball
3-1: Foul Ball, location: 2F
3-2: SINGLE (Flyball, 9LM)
Batting: RHB Jorge Gálvez 0-0: Ball
1-0: Swinging Strike
1-1: Swinging Strike
1-2: Strikes out swinging
Batting: LHB Min-ho Yun 0-0: Swinging Strike
0-1: Swinging Strike
0-2: Ball
1-2: SINGLE (Line Drive, 7S)
Zi-cheng Sun to second
Runner from 2nd tries for 3rd, SAFE, no throw
Batting: LHB Frank Morris 0-0: Ball
1-0: Ground out 5-3 (Groundball, 56)
Bottom of the 9th over - 0 runs, 2 hits, 0 errors, 2 left on base; Santa Fe 9 - Gibtown 8
Friday, March 29th, 2019 - OOTP Baseball 18.8 Build 76